 Dungeon Crawl Stone Soup version 0.30-a0-629-gd54f4be4f7 (webtiles) character file.

Game seed: 1713649104448810112

109 wormed the Changer (level 4, -2/28 HPs)
             Began as an Octopode Transmuter on Jan 13, 2023.
             Slain by a gnoll
             ... wielding a +0 spear
              (9 damage)
             ... on level 3 of the Dungeon.
             The game lasted 00:02:46 (1861 turns).

wormed the Changer (Octopode Transmuter)            Turns: 1861, Time: 00:02:47

Health: -2/28      AC:  1    Str:  9    XL:     4   Next: 90%
Magic:  6/8        EV: 13    Int: 17    God:
Gold:   135        SH:  0    Dex: 18    Spells: 1/8 levels left

rFire   . . .      SeeInvis +      - Unarmed
rCold   . . .      Faith    .    (no shield)
rNeg    . . .      Spirit   .    (helmet currently unavailable)
rPois   .          Reflect  .    (no amulet)
rElec   .          Harm     .    e - +6 ring of dexterity
rCorr   .          Rampage  .    b - ring of see invisible
Will    .....                    (no ring)
Stlth   +++                      (no ring)
HPRegen 0.24/turn                (no ring)
MPRegen 0.11/turn                (no ring)
                                 (no ring)
                                 (no ring)

@: appendages (expiring), wereblooded
A: tentacle spike 3, almost no armour, amphibious, 8 rings, camouflage 1,
gelatinous body 1, (nimble swimmer 1), tentacles
a: End Transformation


You were on level 3 of the Dungeon.
One of your tentacles had grown a beastly spike.
You visited 1 branch of the dungeon, and saw 3 of its levels.

You collected 135 gold pieces.

Inventory:

Jewellery
 b - a ring of see invisible (right tentacle)
 e - a +6 ring of dexterity (left tentacle)
Wands
 h - a wand of flame (25)
Potions
 c - a potion of brilliance
 d - a potion of heal wounds {unknown}
 f - 2 potions of resistance {unknown}
 i - 2 potions of curing {unknown}


   Skills:
 - Level 1.0 Fighting
 - Level 2.0 Dodging
 - Level 3.0 Unarmed Combat
 + Level 2.8 Spellcasting
 * Level 3.7 Transmutations
 + Level 1.9 Ice Magic


You had one spell level left.
You knew the following spells:

 Your Spells              Type           Power      Damage    Failure   Level
a - Beastly Appendage     Tmut           30%        N/A       3%          1
b - Wereblood             Tmut           15%        N/A       6%          2
c - Ice Form              Ice/Tmut       12%        N/A       50%         4

Your spell library contained the following spells:

 Spells                   Type           Power      Damage    Failure   Level
 Spider Form              Tmut/Pois      8%         N/A       24%         3


Dungeon Overview and Level Annotations

Branches:
Dungeon (3/15)

Altars:


Innate Abilities, Weirdness & Mutations

One of your tentacles has grown a beastly spike.
You cannot wear most types of armour.
You are amphibious.
You can wear up to eight rings at the same time.
Your skin changes colour to match your surroundings (Stealth+).
Your rubbery body absorbs attacks. (AC +1, EV +1)
((You are camouflaged when in or above water. (Stealth+)))
You have tentacles for arms and can constrict up to eight enemies at once.


Message History

c - a potion of brilliance
As you read the scroll labelled QITWIR CAE, it crumbles to dust.
You feel strangely unstable.
It was a scroll of teleportation.
As you read the scroll labelled RINOGE CUSA, it crumbles to dust.
The scroll dissolves into smoke.
It was a scroll of fog.
You start waiting.
Your surroundings suddenly seem different.
There is a stone staircase leading down here.
You climb downwards.
There is a stone staircase leading up here.
There is a stone staircase leading up here.
There is a stone staircase leading up here.
A gnoll comes into view. It is wielding a +0 spear.
A gnoll is nearby!
A gnoll is nearby!
Casting: Wereblood (safe; 6% risk of failure)
Confirm with . or Enter, or press ? or * to list all spells.
One of your tentacles grows a vicious spike.
Casting: Beastly Appendage (safe; 3% risk of failure)
Confirm with . or Enter, or press ? or * to list all spells.
Your blood is infused with primal strength.
A gnoll comes into view. It is wielding a +0 spear.
The gnoll shouts!
You hear a shout!
A gnoll comes into view. It is wielding a +0 flail.
Your transformation is almost over.
The gnoll misses you. The gnoll hits you with a +0 spear!
You tentacle-slap the gnoll but do no damage.
You grab the gnoll.
You pierce the gnoll, but do no damage.
You constrict the gnoll.
You tentacle-slap the gnoll but do no damage.
You pierce the gnoll.
You squeeze the gnoll.
The gnoll is severely wounded.
You constrict the gnoll. The gnoll barely misses you.
The gnoll hits you from afar with a +0 spear!
You release your grip on the gnoll.
The gnoll attacks as you move away! The gnoll hits you with a +0 spear.
* * * LOW HITPOINT WARNING * * *
The gnoll hits you from afar with a +0 spear!
You die...

#.#..#
#...##
###.#
#.#
#.#
#.#
#.#
#.#
#@#
#.#
#g#


gg. ##### You could see 3 gnolls.

Vanquished Creatures
  A scorpion (D:2)
  A dart slug (D:2)
  2 worms (D:2)
  3 endoplasms
  3 goblins (D:1)
  5 hobgoblins
  2 jackals (D:2)
  2 kobolds
  5 quokkas
  3 ball pythons
  2 bats (D:1)
  2 frilled lizards
  4 rats
35 creatures vanquished.

Notes
Turn   | Place    | Note
-------+----------+-------------------------------------------
     0 | D:1      | wormed the Octopode Transmuter began the quest for the Orb.
     0 | D:1      | Reached XP level 1. HP: 13/13 MP: 3/3
   331 | D:1      | Reached XP level 2. HP: 18/18 MP: 3/5
   831 | D:2      | Noticed a scorpion
   838 | D:2      | Killed a scorpion
   839 | D:2      | Reached skill level 1 in Ice Magic
   839 | D:2      | Reached XP level 3. HP: 23/23 MP: 7/7
   839 | D:2      | Reached XP level 4. HP: 28/28 MP: 8/8
   861 | D:2      | Learned a level 2 spell: Wereblood
   866 | D:2      | Learned a level 4 spell: Ice Form
  1180 | D:2      | Found a faded altar of an unknown god.
  1861 | D:3      | Slain by a gnoll

Illustrated notes

Levels and vault maps discovered:
D:1:      dpeg_arrival_ternary, layout_loops_ring,
          amcnicky_mini_corridor_feature
D:2:      layout_loops_ring, shapermc_ecumenical_altar_mp_highgroup,
          minmay_distorted
D:3:      layout_basic, skrybe_limestone_x, corexii_item_surrounded_by_moat,
          minmay_unequal, uniq_natasha, uniq_crazy_yiuf_cottage

Skill      XL: |  1  2 |
---------------+-------+-----
Transmutations | 3 |  3.7
Ice Magic      | 1 |  1.9
Fighting       | |  1.0
Dodging        | |  2.0
Unarmed Combat | |  3.0
Spellcasting   | |  2.8

Action                   |  1- 3 |  4- 6 || total
-------------------------+-------+-------++-------
Melee: Unarmed           |    31 |    47 ||    78
       Tentacles         |     6 |    11 ||    17
       Constrict         |     5 |    14 ||    19
       Kick              |     6 |    17 ||    23
       Punch             |       |     1 ||     1
 Cast: Beastly Appendage |    12 |    11 ||    23
       Wereblood         |       |    10 ||    10
  Use: Potion            |     1 |       ||     1
       Scroll            |       |     5 ||     5
 Stab: Sleeping          |     4 |     3 ||     7
Armor: Skin              |     5 |     7 ||    12
Dodge: Dodged            |    15 |    16 ||    31

Table legend: (Time is in decaauts)
 A = Elapsed time spent in this place.
 B = Non-inter-level travel time spent in this place.
 C = Inter-level travel time spent in this place.
 D = Time resting spent in this place.
 E = Time spent auto-exploring this place.
 F = Levels seen in this place.
 G = Mean time per level.
                   A        B        C        D        E       F      G
               +--------+--------+--------+--------+--------+-----+--------+
         Total |   1855 |   1775 |     80 |     12 |   1471 |   3 |  618.3 |
       Dungeon |   1855 |   1775 |     80 |     12 |   1471 |   3 |  618.3 |
               +--------+--------+--------+--------+--------+-----+--------+

Top non-repeatable levels by time:
     D:1: 914 daAuts
     D:2: 908 daAuts
     D:3: 33 daAuts
